 Dungeon Crawl Stone Soup version 0.31-a0-217-g58bb5d79cf (webtiles) character file.

Game seed: 16903929854223049985

309 Zonian the Grave Robber (level 6, 0/32 HPs)
             Began as a Deep Elf Necromancer on July 2, 2023.
             Slain by an orc wizard
             ... wielding a +1 dagger of speed
              (1 damage)
             ... on level 4 of the Dungeon.
             The game lasted 00:12:45 (3904 turns).

Zonian the Grave Robber (Deep Elf Necromancer)      Turns: 3904, Time: 00:12:45

Health: 0/32       AC:  4    Str:  5    XL:     6   Next: 17%
Magic:  10/15      EV: 12    Int: 22    God:
Gold:   117        SH:  0    Dex: 15    Spells: 5/15 levels left

rFire   . . .        v - +0 dagger (venom)
rCold   . . .        (no shield)
rNeg    . . .        u - +1 leather armour {rPois}
rPois   +            l - +0 hat
rElec   .            (no cloak)
rCorr   .            (no gloves)
SInv    .            (no boots)
Will    +....        (no amulet)
Stlth   ++           k - ring of willpower
HPRegen 0.25/turn    (no ring)
MPRegen 0.14/turn

%: no passive effects
@: no status effects
A: no striking features
a: no special abilities


You were on level 4 of the Dungeon.
You visited 1 branch of the dungeon, and saw 4 of its levels.

You collected 182 gold pieces.
You spent 65 gold pieces at shops.

Inventory:

Hand Weapons
 h - a +0 short sword
 v - a +0 dagger of venom (weapon)
 w - a +0 sling
Missiles
 j - 13 boomerangs
Armour
 a - a +0 robe
 l - a +0 hat (worn)
 u - a +1 leather armour of poison resistance (worn)
Magical Staves
 p - a staff of earth
Jewellery
 k - a ring of willpower (left hand)
Wands
 t - a wand of flame (12)
Scrolls
 c - 2 scrolls of fear {unknown}
 d - 3 scrolls of identify
 f - a scroll of butterflies {unknown}
 o - a scroll of fog
 r - a scroll of silence {unknown}
 x - a scroll of immolation {unknown}
Potions
 b - a potion of magic
 e - a potion of enlightenment {unknown}
 g - a potion of curing {unknown}
 i - a potion of might {unknown}
 n - a potion of haste {unknown}
 q - 2 potions of brilliance
 s - a potion of invisibility {unknown}


   Skills:
 - Level 3.3 Dodging
 - Level 3.6 Stealth
 + Level 5.1 Spellcasting
 + Level 6.1 Necromancy
 + Level 1.9 Air Magic
 + Level 2.2 Poison Magic


You had 5 spell levels left.
You knew the following spells:

 Your Spells              Type           Power      Damage    Failure   Level
a - Necrotise             Necr           100%       1d9       1%          1
b - Vampiric Draining     Necr           32%        2d8       4%          3
c - Animate Dead          Necr           32%        N/A       13%         4
d - Poisonous Vapours     Pois/Air       28%        N/A       11%         2

Your spell library contained the following spells:

 Spells                   Type           Power      Damage    Failure   Level
 Kiss of Death            Conj/Necr      76%        2d11      4%          1
 Sting                    Tmut/Pois      40%        1d5       11%         1
 Dispel Undead            Necr           32%        3d14      13%         4
 Agony                    Necr           32%        N/A       36%         5
 Confusing Touch          Hex            5%         N/A       45%         3
 Olgreb's Toxic Radiance  Pois           15%        N/A       56%         4


Dungeon Overview and Level Annotations

Branches:
Dungeon (4/15)
 Temple: D:4-7

Altars:

Shops:
D:3 !

Annotations:
D:3 Grinder


Message History

The puff of flame hits you.
* * * LOW HITPOINT WARNING * * *
Your orc priest skeleton barely misses the orc.
The orc hits your orc priest skeleton with a +0 whip.
Okay, then.
Your orc priest skeleton barely misses the orc.
The orc hits your orc priest skeleton with a +0 whip.
Your orc priest skeleton hits the orc.
You see here 6 stones.
As you read the scroll labelled LYAKHU GUPTO, it crumbles to dust.
It is a scroll of identify.
q - 2 potions of brilliance You hear some strange, mumbled words.
A puff of flame appears from out of thin air!
The puff of flame hits you.
* * * LOW HITPOINT WARNING * * *
Unknown command.
Your orc priest skeleton hits the orc.
Something hits your orc priest skeleton!
Your orc priest skeleton is destroyed!
Unknown command.
You are too injured to fight recklessly!
You are too injured to fight recklessly!
Unknown command.
Unknown command.
Okay, then.
Okay, then.
As you read the scroll of fog, it dissolves into smoke.
Unknown command.
Something hits you but does no damage.
Unknown command.
You closely miss something. Something hits you but does no damage.
You hit something but do no damage.
You hear some strange, mumbled words.
A magic dart appears from out of thin air!
The magic dart hits you.
* * * LOW HITPOINT WARNING * * *
Okay, then.
You hit something but do no damage. Something hits you.
You die...

######### #.......#
#.#####.#
######.#####.######.
...................#
###.########.######.
#.# #####..§####
#.###.....#oo{§#
#.##...#...§##@#
#.#.[.###.(###§#
#......#..## #§#
#........## ...
##.......# ..#
##......# #..#
##....o).o...#
####..####.## #..#


You could see an orc.

Vanquished Creatures
  3 orc priests
  Ijyb (D:3)
  An orc wizard (D:3)
  An iguana (D:4)
  A gnoll (D:1)
  4 adders
  2 dart slugs (D:1)
  7 orcs
  5 endoplasms
  4 giant cockroaches
  5 goblins
  7 hobgoblins
  3 jackals (D:3)
  5 kobolds
  6 quokkas
  8 ball pythons
  7 bats
  4 frilled lizards
  7 rats
81 creatures vanquished.

Vanquished Creatures (collateral kills)
  A bat (D:2)
  3 endoplasms
  A hobgoblin (D:2)
5 creatures vanquished.

Grand Total: 86 creatures vanquished

Notes
Turn   | Place    | Note
-------+----------+-------------------------------------------
     0 | D:1      | Zonian the Deep Elf Necromancer began the quest for the
                  | Orb.
     0 | D:1      | Reached XP level 1. HP: 10/10 MP: 6/6
   142 | D:1      | Reached skill level 5 in Necromancy
   142 | D:1      | Reached XP level 2. HP: 15/15 MP: 5/8
   176 | D:1      | Found a faded altar of an unknown god.
   456 | D:1      | Reached XP level 3. HP: 19/19 MP: 6/10
  1580 | D:2      | Reached XP level 4. HP: 22/24 MP: 4/12
  1647 | D:2      | Learned a level 3 spell: Vampiric Draining
  1652 | D:2      | Learned a level 4 spell: Animate Dead
  2078 | D:3      | Noticed Grinder
  2078 | D:3      | Found Ecwes's Distillery.
  2163 | D:2      | Learned a level 2 spell: Poisonous Vapours
  2326 | D:3      | Bought a potion of heal wounds for 65 gold pieces
  2526 | D:3      | Noticed Ijyb
  2533 | D:3      | Killed Ijyb
  2786 | D:3      | Reached skill level 1 in Air Magic
  2786 | D:3      | Reached skill level 1 in Poison Magic
  2786 | D:3      | Reached XP level 5. HP: 15/28 MP: 3/13
  3408 | D:4      | HP: 1/28 [iguana (10)]
  3591 | D:4      | Reached skill level 5 in Spellcasting
  3591 | D:4      | Reached skill level 6 in Necromancy
  3776 | D:4      | Reached XP level 6. HP: 32/32 MP: 12/15
  3903 | D:4      | HP: 1/32 [something/magic dart (5)]
  3904 | D:4      | Slain by an orc wizard

Illustrated notes

Levels and vault maps discovered:
D:1:      evilmike_arrival_hilbert_curve, layout_basic,
          ebering_ecumenical_altar_rust, solitary_fountain
D:2:      layout_loops_cross
D:3:      layout_basic, serial_shops, nicolae_shop_just_a_little_nook,
          uniq_grinder, uniq_ijyb
D:4:      layout_loops_ring

Skill      XL: |  1  2  3  4  5 |
---------------+----------------+-----
Necromancy     | 5 6 |  6.1
Stealth        | 3 |  3.6
Dodging        | 3 |  3.3
Spellcasting   | 4 5 |  5.1
Air Magic      | 1 |  1.9
Poison Magic   | 1 2 |  2.2

Action                     |  1- 3 |  4- 6 || total
---------------------------+-------+-------++-------
  Melee: Unarmed           |     9 |       ||     9
         Short sword       |     4 |    11 ||    15
         Dagger            |       |    36 ||    36
         Punch             |       |     2 ||     2
   Cast: Necrotise         |    70 |    63 ||   133
  Evoke: Wand              |       |     2 ||     2
    Use: Scroll            |       |     3 ||     3
         Potion            |       |     2 ||     2
   Stab: Sleeping          |     2 |     2 ||     4
 Armour: Robe              |     2 |     1 ||     3
         Leather armour    |       |    17 ||    17
  Dodge: Dodged            |    22 |    37 ||    59

Table legend: (Time is in decaauts)
 A = Elapsed time spent in this place.
 B = Non-inter-level travel time spent in this place.
 C = Inter-level travel time spent in this place.
 D = Time resting spent in this place.
 E = Time spent auto-exploring this place.
 F = Levels seen in this place.
 G = Mean time per level.
                   A        B        C        D        E       F      G
               +--------+--------+--------+--------+--------+-----+--------+
         Total |   4059 |   3899 |    160 |    492 |   2307 |   4 | 1014.8 |
       Dungeon |   4059 |   3899 |    160 |    492 |   2307 |   4 | 1014.8 |
               +--------+--------+--------+--------+--------+-----+--------+

Top non-repeatable levels by time:
     D:1: 1388 daAuts
     D:3: 1095 daAuts
     D:2: 961 daAuts
     D:4: 614 daAuts
